 Dungeon Crawl Stone Soup version 0.29-a0-341-g24ffce5b50 (webtiles) character file.

Game seed: 11396175855511495343

871 siradein the Magician (level 7, -1/36 HPs)
             Began as a Deep Elf Fire Elementalist on Apr 21, 2022.
             Slain by a gnoll sergeant
             ... wielding a +0 spear of venom
              (10 damage)
             ... on level 5 of the Dungeon.
             The game lasted 00:16:25 (5711 turns).

siradein the Magician (Deep Elf Fire Elementalist)  Turns: 5711, Time: 00:16:26

Health: -1/36      AC:  7    Str:  5    XL:     7   Next: 73%
Magic:  4/17       EV: 13    Int: 28    God:
Gold:   245        SH:  0    Dex: 15    Spells: 4/17 levels left

rFire   + . .      SeeInvis .   v - staff of conjuration
rCold   . . .      Faith    .   (no shield)
rNeg    . . .      Spirit   .   s - +1 leather armour {rF+}
rPois   .          Reflect  .   k - +0 helmet
rElec   .          Harm     .   h - +0 cloak
rCorr   .          Rampage  .   (no gloves)
Will    +....                   e - +0 pair of boots
Stlth   +++.......              (no amulet)
HPRegen 0.12/turn               y - +6 ring of intelligence
MPRegen 0.15/turn               u - ring of willpower

@: lethally poisoned (-1 -> -16)
A: no striking features
a: no special abilities


You were on level 5 of the Dungeon.
You visited 1 branch of the dungeon, and saw 5 of its levels.

You collected 245 gold pieces.

Inventory:

Armour
 e - a +0 pair of boots (worn)
 h - a +0 cloak (worn)
 k - a +0 helmet (worn)
 s - a +1 leather armour of fire resistance (worn)
Magical Staves
 v - a staff of conjuration (weapon)
Jewellery
 o - a ring of positive energy
 t - a +6 ring of strength
 u - a ring of willpower (right hand)
 y - a +6 ring of intelligence (left hand)
Wands
 l - a wand of digging (15)
 z - a wand of paralysis (14)
Scrolls
 c - 3 scrolls of blinking
 d - 3 scrolls of immolation
 f - 2 scrolls of teleportation
 n - a scroll of amnesia
 q - 3 scrolls of magic mapping {unknown}
 r - a scroll of fear {unknown}
 x - a scroll of vulnerability {unknown}
Potions
 a - a potion of brilliance
 b - a potion of magic
 g - a potion of lignification
 i - a potion of mutation
 j - 2 potions of cancellation
 m - 2 potions of berserk rage
 p - a potion of ambrosia {unknown}
 w - a potion of degeneration {unknown}


   Skills:
 + Level 5.2 Dodging
 + Level 5.7 Stealth
 + Level 5.7 Spellcasting
 + Level 4.3 Conjurations
 + Level 5.4 Fire Magic


You had 4 spell levels left.
You knew the following spells:

 Your Spells              Type           Power      Damage    Failure   Level
a - Foxfire               Conj/Fire      100%       2x1d9     1%          1
b - Scorch                Fire           76%        2d9       1%          2
c - Conjure Flame         Conj/Fire      52%        6-21      4%          3
d - Inner Flame           Hex/Fire       23%        N/A       11%         3
e - Flame Wave            Conj/Fire      52%        2d11      14%         4

Your spell library contained the following spells:

 Spells                   Type           Power      Damage    Failure   Level


Dungeon Overview and Level Annotations

Branches:
Dungeon (5/15)
 Temple: D:4-7

Altars:

Shops:
D:3 =

Annotations:
D:2 1 runed translucent door, Crazy Yiuf
D:3 2 transporters
D:4 3 runed translucent doors, SirDiesAlot's ghost, amateur FoAK


Message History

You feel a surge of power!
You conjure some foxfire!
The foxfire hits the gnoll sergeant but does no damage.
You feel a surge of power!
You conjure some foxfire!
The foxfire hits the gnoll sergeant but does no damage.
Casting: Foxfire (safe; 1% risk of failure)
Confirm with . or Enter, or press ? or * to list all spells.
Flames lash the gnoll sergeant.
The gnoll sergeant is lightly wounded.
The gnoll sergeant's fire resistance burns away.
The foxfire hits the gnoll sergeant but does no damage.
The gnoll sergeant is lightly wounded.
The foxfire hits the gnoll sergeant!
The gnoll sergeant is burned terribly!
The gnoll sergeant is heavily wounded.
You feel a surge of power!
You conjure some foxfire!
The gnoll sergeant hits you from afar with a +0 spear of venom.
You are poisoned.
Your magical contamination has completely faded away.
You feel very sick.
The foxfire hits the gnoll sergeant.
The gnoll sergeant is heavily wounded.
The foxfire hits the gnoll sergeant but does no damage.
The gnoll sergeant is heavily wounded.
You feel a surge of power!
You conjure some foxfire!
You feel sick.
The gnoll sergeant is no longer more vulnerable to fire.
The gnoll sergeant hits you from afar with a +0 spear of venom!
You are lethally poisoned!
You feel very sick.
The foxfire hits the gnoll sergeant.
The gnoll sergeant is heavily wounded.
The foxfire hits the gnoll sergeant but does no damage.
The gnoll sergeant is heavily wounded.
Casting: Foxfire (safe; 1% risk of failure)
Confirm with . or Enter, or press ? or * to list all spells.
Flames lash the gnoll.
The gnoll is severely wounded.
The gnoll's fire resistance burns away.
* * * LOW HITPOINT WARNING * * *
You feel very sick.
The gnoll sergeant hits you from afar with a +0 spear of venom!
You die...

... ########.##
.........#
#.......# #).)....#
#..?....# #......§#
#....g§.# .# ##
##.)...g@# .#..
....))....#####.#.#
...)............#.#
...####........(..#
.. +.....###......#
.
###...###.#....#.#
#...#........#.#
#...#.#.#.#..#.#..
#...#.#.#.#.....


You could see a gnoll sergeant and a gnoll (combustible).

Vanquished Creatures
  A black bear (D:4)
  2 ogres
  A necrophage (D:4)
  2 scorpions (D:5)
  A hound (D:4)
  An orc priest (D:2)
  An iguana (D:4)
  Natasha (thrice) (D:2)
  3 orc wizards
  Robin (D:2)
  3 adders
  7 gnolls
  3 dart slugs
  10 orcs
  A ball python (D:3)
  4 bats
  3 endoplasms
  4 giant cockroaches
  25 goblins
  11 hobgoblins
  A jackal (D:5)
  2 kobolds
  2 quokkas
  2 frilled lizards
  5 rats
99 creatures vanquished.

Vanquished Creatures (others)
  281 foxfires
  A fungus (D:2)
282 creatures vanquished.

Grand Total: 381 creatures vanquished

Notes
Turn   | Place    | Note
-------+----------+-------------------------------------------
     0 | D:1      | siradein the Deep Elf Fire Elementalist began the quest for
                  | the Orb.
     0 | D:1      | Reached XP level 1. HP: 10/10 MP: 6/6
   402 | D:1      | Reached XP level 2. HP: 15/15 MP: 6/8
   458 | D:1      | Learned a level 2 spell: Scorch
  1026 | D:1      | Found a faded altar of an unknown god.
  1288 | D:2      | Reached XP level 3. HP: 19/19 MP: 6/9
  1292 | D:2      | Learned a level 3 spell: Conjure Flame
  1769 | D:2      | Noticed Robin
  1785 | D:2      | Killed Robin
  1956 | D:2      | Noticed Natasha
  1971 | D:2      | Killed Natasha
  1972 | D:2      | Reached XP level 4. HP: 17/24 MP: 8/11
  1976 | D:2      | Learned a level 3 spell: Inner Flame
  2078 | D:2      | Noticed Natasha
  2084 | D:2      | Killed Natasha
  2089 | D:2      | Noticed Natasha
  2098 | D:2      | Killed Natasha
  2428 | D:2      | Reached XP level 5. HP: 28/28 MP: 11/13
  3265 | D:2      | Found a runed translucent door.
  3266 | D:2      | Noticed Crazy Yiuf
  3378 | D:3      | Found a transporter.
  3408 | D:3      | Found Kukash's Jewellery Shop.
  3511 | D:3      | Noticed an ogre
  3571 | D:3      | Killed an ogre
  3572 | D:3      | Reached XP level 6. HP: 32/32 MP: 4/14
  3731 | D:3      | Found a transporter.
  4573 | D:4      | Reached skill level 5 in Spellcasting
  4797 | D:4      | Found a runed translucent gate.
  4797 | D:4      | Noticed SirDiesAlot's ghost (amateur FoAK)
  4798 | D:4      | Found a runed translucent gate.
  4799 | D:4      | Found a runed translucent gate.
  4805 | D:4      | Reached skill level 5 in Stealth
  4805 | D:4      | Reached XP level 7. HP: 22/36 MP: 11/16
  4920 | D:4      | Learned a level 4 spell: Flame Wave
  4943 | D:4      | Reached skill level 5 in Fire Magic
  5440 | D:5      | Entered Level 5 of the Dungeon
  5465 | D:5      | Reached skill level 5 in Dodging
  5711 | D:5      | Slain by a gnoll sergeant

Illustrated notes

Levels and vault maps discovered:
D:1:      psy_arrival_basics, layout_basic,
          hellmonk_ecumenical_altar_inner_sanctum, minmay_misc_feat_plants
D:2:      layout_basic, uniq_natasha, uniq_crazy_yiuf_cottage, uniq_robin
D:3:      gammafunk_steamed_eel, layout_loops_ring, serial_shops, shop,
          minmay_ogre_servants
D:4:      layout_loops_ring, gammafunk_ghost_split
D:5:      layout_basic, general_overflow_altar, uniq_menkaure

Skill      XL: |  1  2  3  4  5  6  7 |
---------------+----------------------+-----
Stealth        | 3 4 5 |  5.7
Dodging        | 3 4 5 |  5.2
Conjurations   | 2 3 4 |  4.3
Spellcasting   | 4 5 |  5.7
Fire Magic     | 4 5 |  5.4

Action                   |  1- 3 |  4- 6 |  7- 9 || total
-------------------------+-------+-------+-------++-------
 Cast: Foxfire           |    48 |    77 |    32 ||   157
       Scorch            |     2 |    14 |     6 ||    22
       Inner Flame       |       |     1 |       ||     1
  Use: Scroll            |       |     8 |     1 ||     9
Armor: Robe              |       |     7 |       ||     7
       Leather armour    |       |     2 |       ||     2
Dodge: Dodged            |     4 |    26 |       ||    30

Table legend: (Time is in decaauts)
 A = Elapsed time spent in this place.
 B = Non-inter-level travel time spent in this place.
 C = Inter-level travel time spent in this place.
 D = Time resting spent in this place.
 E = Time spent auto-exploring this place.
 F = Levels seen in this place.
 G = Mean time per level.
                   A        B        C        D        E       F      G
               +--------+--------+--------+--------+--------+-----+--------+
         Total |   5715 |   5573 |    142 |    626 |   4072 |   5 | 1143.0 |
       Dungeon |   5715 |   5573 |    142 |    626 |   4072 |   5 | 1143.0 |
               +--------+--------+--------+--------+--------+-----+--------+

Top non-repeatable levels by time:
     D:2: 1859 daAuts
     D:1: 1464 daAuts
     D:3: 1164 daAuts
     D:4: 957 daAuts
     D:5: 270 daAuts
